Cogmind - Beta 13 @@@ ROGUE MODE // 2024.05.20 @ 00:42:59 Player: Crackrock_Steady Result: Self-destructed Performance ------------- Evolutions (2) 1000 Regions Visited (4) 800 Robots Destroyed (12) 60 Value Destroyed (286) 286 Prototype IDs (0) 0 Alien Tech Used (0) 0 Bonus (0) 0 TOTAL SCORE: 2146 Bonus ------- None Cogmind --------- Core Integrity 215/550 Matter 218/300 Energy 100/100 System Corruption 2% Temperature Cool (9) Movement Core (100) Ox1 Location -8/Materials Parts ------- > --- POWER (1) -------- (None) > --- PROPULSION (4) --- (None) > --- UTILITY (4) ------ Small Storage Unit Power Shielding > --- WEAPON (2) ------- (None) > --- INVENTORY (8) ---- Flight Unit Sensor Array Improved Signal Interpreter Target Analyzer EM Pulse Gun Ion Cannon Heavy Assault Rifle Rocket Launcher Peak State ------------ > --- POWER ------------ Ion Engine > --- PROPULSION ------- Wheel Compact Wheel > --- UTILITY ---------- Small Storage Unit Sensor Array Seismic Detector Power Shielding > --- WEAPON ----------- Ion Cannon Heavy Assault Rifle > --- INVENTORY -------- Flight Unit Sensor Array EM Pulse Gun Medium Laser Enhanced Autogun Grenade Launcher Rocket Launcher [Rating: 13] Favorites ----------- Power Ion Engine Engine Ion Engine Propulsion Compact Wheel Wheel Compact Wheel Utility Small Storage Unit Device Seismic Detector Storage Small Storage Unit Protection Power Shielding Weapon Heavy Assault Rifle Energy Gun Medium Laser Energy Cannon Ion Cannon Ballistic Gun Heavy Assault Rifle Launcher Grenade Launcher Build | -11 -10 -9 -9 -8 ------- Run | Yrd Mat Mat Min Mat Slots Evolved 4 | . . 2 . 2 Power . | . . . . . Propulsion 2 | . . 1 . 1 Utility 2 | . . 1 . 1 Weapon . | . . . . . Parts Attached 16 | 7 . 3 3 3 Power 2 | 1 . . 1 . Engine 2 | 1 . . 1 . Core . | . . . . . Reactor . | . . . . . Propulsion 2 | 2 . . . . Treads . | . . . . . Leg . | . . . . . Wheel 2 | 2 . . . . Hover . | . . . . . Flight . | . . . . . Utility 4 | 2 . 1 . 1 Device 2 | 1 . 1 . . Storage 1 | 1 . . . . Processor . | . . . . . Hackware . | . . . . . Protection 1 | . . . . 1 Artifact . | . . . . . Weapon 8 | 2 . 2 2 2 Energy Gun 1 | 1 . . . . Energy Cannon 1 | . . . . 1 Ballistic Gun 5 | 1 . 2 2 . Ballistic Cannon . | . . . . . Launcher 1 | . . . . 1 Special Weapon . | . . . . . Impact Weapon . | . . . . . Slashing Weapon . | . . . . . Piercing Weapon . | . . . . . Special Melee Weapon . | . . . . . Unidentified Prototypes . | . . . . . Parts Lost 8 | . 1 . . 7 Power 2 | . 1 . . 1 Propulsion 2 | . . . . 2 Utility 2 | . . . . 2 Weapon 2 | . . . . 2 Highest Loss Streak 7 | . 1 . . 7 To Critical Strikes . | . . . . . Average Slot Usage (%) 82 | . 92 77 87 75 Engine 8 | . 7 . 11 8 Wheel 20 | . 28 22 22 16 Device 18 | . 14 22 22 17 Storage 10 | . 14 11 11 9 Protection 3 | . . . . 8 Energy Gun 2 | . 14 1 . . Energy Cannon 3 | . . . . 8 Ballistic Gun 13 | . 14 20 21 8 Naked Turns . | . . . . . Heaviest Build 22 | 13 13 13 18 22 Greatest Support 26 | 26 26 26 26 26 Greatest Overweight (x) 2 | . . . . 2 Average Overweight (x) . | . . . . . Largest Inventory Capacity 8 | 8 8 8 8 8 Average Capacity 7 | 7 8 8 8 8 Most Carried 8 | 5 6 7 8 8 Average Carried 6 | 1 4 6 6 7 Final Capacity 8 | 8 8 8 8 8 Final Carried 8 | 2 6 7 6 8 Class Distribution -------------------- 100% | Mutant Dominant Class ---------------- Mutant | -10/Materials Mutant | -9/Materials Mutant | -9/Mines Mutant | -8/Materials Resources | -11 -10 -9 -9 -8 ----------- Run | Yrd Mat Mat Min Mat Matter Collected 450 | 239 45 55 56 55 Remotely . | . . . . . Salvage Created 463 | 23 45 55 57 283 Parts 18 | 1 3 5 . 9 Haulers Intercepted . | . . . . . Recyclers Shooed 1 | . . . . 1 Parts Field Recycled . | . . . . . Retrieved Matter . | . . . . . Parts Self-Destructed . | . . . . . Prevented . | . . . . . Kills | -11 -10 -9 -9 -8 ------- Run | Yrd Mat Mat Min Mat Combat Hostiles Destroyed 8 | . 3 1 1 3 Guns 5 | . 3 1 1 . Cannons 1 | . . . . 1 AOE 1 | . . . . 1 Classes Destroyed 7 | 1 1 1 1 3 Worker 1 | . . . . 1 Tunneler 1 | 1 . . . . Recycler 2 | . . . . 2 Swarmer 3 | . 3 . . . Grunt 3 | . . . . 3 Duelist 1 | . . . 1 . Sentry 1 | . . 1 . . Best Kill Streak 3 | 1 3 1 1 3 Combat Bots Only 3 | . 3 1 1 2 Max Kills in Single Turn 2 | 1 1 1 1 2 Gunslinging . | . . . . . Exploded 1 | . . . . 1 Melee . | . . . . . Uniques/NPCs Destroyed . | . . . . . Combat | -11 -10 -9 -9 -8 -------- Run | Yrd Mat Mat Min Mat Hostile Shots Fired 112 | . 23 6 10 73 Missed 27 | . 4 1 4 18 Damage Taken 1308 | . 161 71 180 896 Core 379 | . 16 28 . 335 Absorbed by Shields . | . . . . . Redirected to Shielding 28 | . . . . 28 Core Remaining (%) 95 | 100 93 . 93 . Volleys Fired 43 | 1 9 3 8 22 Largest 2 | 2 2 2 2 2 Hottest 90 | 70 70 46 46 90 Shots Fired 77 | 2 18 6 14 37 Gun 54 | 2 18 6 14 14 Cannon 15 | . . . . 15 Launcher 8 | . . . . 8 Special . | . . . . . Kinetic 44 | 1 9 6 14 14 Thermal 25 | 1 9 . . 15 Explosive 8 | . . . . 8 Electromagnetic . | . . . . . Robot Hit Streak 11 | 1 4 9 11 6 Robot Miss Streak 3 | 1 2 . 2 3 Penetration Max . | . . . . . Secondary Targets 1 | . 1 . . . Max Gunslinging Chain 1 | . 1 . . . Shots Hit Robots 49 | 1 12 5 10 21 Core Hits 19 | 1 3 2 3 10 Critical Kills 2 | . . . . 2 Critical Parts Destroyed 2 | . 1 . . 1 Critical Strikes 5 | . 2 . . 3 Burn 1 | . 1 . . . Meltdown 1 | . . . . 1 Destroy 3 | . 1 . . 2 Melee Attacks . | . . . . . Impact . | . . . . . Slashing . | . . . . . Piercing . | . . . . . Sneak Attacks . | . . . . . Combat Hostiles . | . . . . . Follow-up Attacks . | . . . . . Damage Inflicted 975 | 10 161 80 146 578 Guns 507 | 10 161 80 146 110 Cannons 210 | . . . . 210 Explosions 254 | . . . . 254 Melee . | . . . . . Ramming 4 | . . . . 4 Kinetic 422 | 10 76 80 146 110 Thermal 295 | . 85 . . 210 Explosive 254 | . . . . 254 Electromagnetic . | . . . . . Impact . | . . . . . Slashing . | . . . . . Piercing . | . . . . . Highest Corruption 2 | . 1 . . 2 Average Corruption 1 | . 1 . . 2 Corruption Purged . | . . . . . Corruption Blocked . | . . . . . Effects 3 | . 1 . . 2 Heat Flow Errors 1 | . . . . 1 Energy Discharges 1 | . 1 . . . Data Loss (major) 1 | . . . . 1 Overload Shots . | . . . . . Overflow Damage 22 | . . . . 22 Projectiles 14 | . . . . 14 Explosions 8 | . . . . 8 Melee . | . . . . . Knockbacks . | . . . . . Impact . | . . . . . Kinetic . | . . . . . Secondary . | . . . . . Self-Inflicted Damage 2 | . . . . 2 Shots . | . . . . . Rammed 2 | . . . . 2 Targets Rammed 2 | . . . . 2 Kicked . | . . . . . Crushed . | . . . . . Highest Temperature 252 | 9 27 14 7 252 Average Temperature 68 | 6 17 5 7 85 Received Heat Transfer 429 | . . 36 6 387 Effects 1 | . . . . 1 Interference 1 | . . . . 1 Siege Activations . | . . . . . Robots Corrupted . | . . . . . Combat Hostiles . | . . . . . Parts Fried . | . . . . . Impact Corruptions . | . . . . . Robots Melted 1 | . . . . 1 Combat Hostiles 1 | . . . . 1 Parts Melted 3 | . 1 . . 2 Heat Transferred 666 | . 333 . . 333 Parts Sabotaged . | . . . . . Parts Stolen . | . . . . . Parts Stripped . | . . . . . Power Chain Reactions . | . . . . . Alert | -11 -10 -9 -9 -8 ------- Run | Yrd Mat Mat Min Mat Peak Influence 114 | 5 114 93 66 72 Initial 48 | . 3 48 36 31 Average 42 | 1 32 72 38 50 Maximum Alert Level . | . . . . . Low Security (%) 100 | 100 100 100 100 100 Level 1 . | . . . . . Level 2 . | . . . . . Level 3 . | . . . . . Level 4 . | . . . . . Level 5 . | . . . . . High Security . | . . . . . Max Security . | . . . . . Squads Dispatched 2 | . 1 . . 1 Investigation 1 | . 1 . . . Extermination . | . . . . . Reinforcement 1 | . . . . 1 Assault . | . . . . . Garrison . | . . . . . Intercept . | . . . . . Searches Triggered . | . . . . . Construction Impeded . | . . . . . Haulers Reinforced . | . . . . . Active Scanning Responses . | . . . . . Cargo Convoy Interrupts . | . . . . . Stealth | -11 -10 -9 -9 -8 --------- Run | Yrd Mat Mat Min Mat Distress Signals 2 | . 1 . . 1 Communications Jammed . | . . . . . Distress Signals . | . . . . . Times Spotted 18 | . 4 1 3 10 Peak Tracking Total 5 | . 4 1 3 5 Tactical Retreats 2 | . 1 . 1 . Traps | -11 -10 -9 -9 -8 ------- Run | Yrd Mat Mat Min Mat Traps Triggered . | . . . . . Indirectly . | . . . . . Trap Hack Attempts . | . . . . . Triggered . | . . . . . Disarmed 6 | . 6 . . . Reprogrammed . | . . . . . Reused . | . . . . . Traps Extracted . | . . . . . Installed . | . . . . . Triggered . | . . . . . Machines | -11 -10 -9 -9 -8 ---------- Run | Yrd Mat Mat Min Mat Machines Disabled . | . . . . . Max in Single Turn . | . . . . . Machines Repaired . | . . . . . Machines Dismantled . | . . . . . Machines Sabotaged . | . . . . . Overloaded Fab Kills . | . . . . . Hacking | -11 -10 -9 -9 -8 --------- Run | Yrd Mat Mat Min Mat Machines Accessed 7 | . 4 . . 3 Terminals 7 | . 4 . . 3 Fabricators . | . . . . . Repair Stations . | . . . . . Recycling Units . | . . . . . Scanalyzers . | . . . . . Garrison Access . | . . . . . Total Hacks 26 | . 14 . . 12 Successful 9 | . 5 . . 4 Failed 17 | . 9 . . 8 Catastrophic 10 | . 6 . . 4 Database Lockouts . | . . . . . Manual 19 | . 12 . . 7 Terminals 26 | . 14 . . 12 Fabricators . | . . . . . Repair Stations . | . . . . . Recycling Units . | . . . . . Scanalyzers . | . . . . . Garrison Access . | . . . . . Terminal Hacks 9 | . 5 . . 4 Record 2 | . . . . 2 Robot Analysis 1 | . 1 . . . Branch Access Points 1 | . . . . 1 Terminal Index 2 | . 1 . . 1 Locate Traps 1 | . 1 . . . Disarm Traps 1 | . 1 . . . Zone Layout 1 | . 1 . . . Fabricator Hacks . | . . . . . Repair Station Hacks . | . . . . . Recycling Unit Hacks . | . . . . . Scanalyzer . | . . . . . Garrison Access Hacks . | . . . . . Unauthorized Hacks . | . . . . . Terminals . | . . . . . Fabricators . | . . . . . Repair Stations . | . . . . . Recycling Units . | . . . . . Scanalyzers . | . . . . . Garrison Access . | . . . . . Data Cores Recovered . | . . . . . Used . | . . . . . Hacking Detections 7 | . 4 . . 3 Full Trace Events 5 | . 4 . . 1 Feedback Events 1 | . 1 . . . Corruption 1 | . 1 . . . Feedback Blocked . | . . . . . Robot Schematics Acquired . | . . . . . Robots Built . | . . . . . Authchips . | . . . . . Time . | . . . . . Total Robot Build Rating . | . . . . . Part Schematics Acquired . | . . . . . Parts Built . | . . . . . Authchips . | . . . . . Time . | . . . . . Total Part Build Rating . | . . . . . Parts Repaired . | . . . . . Time . | . . . . . Parts Recycled . | . . . . . Recycled Matter . | . . . . . Retrieved Matter . | . . . . . Retrieved Components . | . . . . . Parts Scanalyzed . | . . . . . Part Schematics Acquired . | . . . . . Parts Damaged . | . . . . . Bothacking | -11 -10 -9 -9 -8 ------------ Run | Yrd Mat Mat Min Mat Used RIF Installer . | . . . . . Robots Hacked . | . . . . . Non-combat . | . . . . . Combat . | . . . . . Robot Hacks Applied . | . . . . . Relay Couplers Released . | . . . . . Fabnet Peak Effective % . | . . . . . Robots Rewired . | . . . . . Allies Hacked . | . . . . . Hacks Repelled . | . . . . . Allies | -11 -10 -9 -9 -8 -------- Run | Yrd Mat Mat Min Mat Total Allies . | . . . . . Largest Group . | . . . . . Highest-Rated Group . | . . . . . Highest-Rated Ally . | . . . . . Total Orders . | . . . . . Ally Attacks . | . . . . . Total Damage . | . . . . . Kills . | . . . . . Allies Corrupted . | . . . . . Allies Melted . | . . . . . Intel | -11 -10 -9 -9 -8 ------- Run | Yrd Mat Mat Min Mat Robot Analysis Total 1 | . 1 . . . Derelict Logs Recovered 2 | . . . 2 . Drone Launches . | . . . . . Drone Recoveries . | . . . . . Exploration | -11 -10 -9 -9 -8 ------------- Run | Yrd Mat Mat Min Mat Turns Passed 997 | 56 185 59 236 461 Spaces Moved 542 | 45 152 46 142 157 Core 9 | 7 . . . 2 Treads . | . . . . . Legs . | . . . . . Wheels 533 | 38 152 46 142 155 Hover . | . . . . . Flight . | . . . . . Fastest Speed 50 | 50 90 90 90 90 Average Speed 89 | 83 90 90 90 90 Slowest Speed 150 | 90 90 90 90 150 Overloaded Moves . | . . . . . Propulsion Burnouts . | . . . . . Robots Hopped . | . . . . . Cave-ins Triggered . | . . . . . Exploration Rate (%) 18 | 3 29 6 44 10 Regions Visited 4 Branch Regions 1 Pre-discovered Areas 1 | . . . 1 . Known Exits Taken . | . . . . . Unknown Exits Taken 4 | 1 1 1 1 . Scrap Searched 2 | . . . 2 . Spaces Dug . | . . . . . Terrain Destroyed 36 | . . . . 36 Melee . | . . . . . Projectile 2 | . . . . 2 AOE 34 | . . . . 34 Terrain Rammed . | . . . . . Walls Destroyed . | . . . . . Machines Disabled . | . . . . . Actions | -11 -10 -9 -9 -8 --------- Run | Yrd Mat Mat Min Mat Total 974 | 61 182 56 236 439 Wait 344 | . 16 1 81 246 Move 538 | 44 151 45 141 157 Hop . | . . . . . Pick Up 25 | 9 5 3 2 6 Fast Attach . | . . . . . Attach 11 | 7 . 1 2 1 Detach . | . . . . . Swap 5 | . . 2 1 2 Drop 6 | . 1 1 1 3 Fire 43 | 1 9 3 8 22 Melee . | . . . . . Ram 2 | . . . . 2 Kick . | . . . . . Crush . | . . . . . Escape Stasis . | . . . . . Rewire . | . . . . . Trap . | . . . . . Miscellaneous . | . . . . . Route ------- -11/Scrapyard -10/Materials -9/Materials -9/Mines -8/Materials History --------- Turn | Location | Event 2 | -11/Scrapyard | Met Revision 17 32 | -11/Scrapyard | Discovered new exit (range 12) 57 | -11/Scrapyard | Entered Materials 232 | -10/Materials | Discovered new exit (range 12) 242 | -10/Materials | Entered another Materials area 242 | -9/Materials | Evolved 2 slots: Propulsion x1, Utility x1 249 | -9/Materials | Discovered new exit (range 16) 301 | -9/Materials | Entered Mines 308 | -9/Mines | Received a Rocket Launcher from a helpful Derelict 322 | -9/Mines | Build established: Mutant 424 | -9/Mines | Learned location of Storage (-9) 501 | -9/Mines | Discovered new exit (range 7) 537 | -9/Mines | Entered Materials 537 | -8/Materials | Evolved 2 slots: Propulsion x1, Utility x1 993 | -8/Materials | Core integrity fell below 50% 998 | -8/Materials | Self-destructed Last Messages --------------- 00955_ Sensor Array destroyed. 00958_ K-01 Serf collects debris. 00959_ G-47 Trooper suffers critical hit (Destroy). 00959_ Destroyed Lgt. Nuclear Core. 00961_ Ion Engine destroyed. 00962_ Overheating: System interference. 00962_ Hvy. Assault Rifle temporarily disabled. 00962_ K-01 Serf collects debris. 00963_ G-50 Soldier suffers critical hit (Meltdown). 00963_ Carbon-fiber Leg melted. 00963_ Adv. Heat Sink melted. 00964_ Ion Cannon destroyed. 00970_ Destroyed Aluminum Leg. 00974_ G-47 Trooper destroyed. 00974_ K-01 Serf destroyed. 00979_ Grenade Launcher destroyed. 00988_ Critical hit (Burn: +37). 00994_ Seismic Detector destroyed. Map ----- +----------------------------------------------------+ | ?????????????????????????????????????????????????? | | ?????????????????????????????????????????????????? | | ?????????????????????????????????????????????????? | | ?????????????????????????????????????????????????? | | ?????????????????????????????????????????????????? | | ?????????????????????????????????????????????????? | | ?????????????????????????????????????????????????? | | ?????????????????????????????????????????????????? | | ?????????????????????????????????????????????????? | | ?????????????????????????????????????????????????? | | ????????????????????????????????????????????###### | | ????????????????????? ? ?????????????????? ? | | ?????????????????? ? ?????????????????? ? | | ???????????????? ? ?????????????????? ? | | ????????????????# */ ? ?????????????????? #? | | ????????????????# */ # ?????????????????? #? | | ????????????????? / ?????????########## #? | | ?????????????????? ?????????# # #? | | ??????????????????? *?????????# """ # #? | | ???????????????????# Y ###??###### """ # #? | | ???????????????????# ## # """ # #? | | ???????????????????? # # [ + #? | | ?????????????????????# # % """ # #? | | ?????????????????????# = """ # #? | | ?????????????????????# % # """ # #? | | ??????????????????????# @ g # # #? | | ??????????????????????# g ######+### #? | | ??????????????????????# #######??# #?# #? | | ??????????????????????# ### #??# #?# #? | | ??????????????????????# ###* #??# #?# #? | | ??????????????????????# # ! #??# #?# #? | | ????????????????????###+##### # #??# #?# #? | | ????????????????????# ##*# "T" #??# #?#####? | | ????????????????????# ##[# % #??# #??##### | | ????????????????????#! ##%####+###??# #?## | | ????????????????????# ##[###=% ##### ###" | | ????????????????????# [ ##== % T / ]* | | ????????????????????# ###### #####+##+##### | | ????????????????????########????##### #??? | | ????????????????????????????????????# """ ! #??? | | ????????????????????????????????????# "T" #??? | | ????????????????????????????????????# #??? | | ????????????????????????????????????###########??? | | | | | | | | | | | | | | | +----------------------------------------------------+ Best States ------------- Heat Dissipation 31 Energy Generation 10 Energy Capacity 250 Matter Stores 300 Matter Capacity 300 Sight Range 16 Robot Scan Range 14 Terrain Scan Density 10 Power Shielding 33 Evasion (%) 50 Item Schematics ----------------- None Robot Schematics ------------------ None Fabricated ------------ Nothing Alien Tech Used ----------------- None Achievements -------------- None Challenges ------------ None Game ------ Seed ClaymoresActiveRigger Manual? 0 Play Time 00:16:32 Cumulative 12.3 hours Start 2024.05.20 @ 00:30:33 End 2024.05.20 @ 00:42:59 Sessions 1 Manual Loads 0 Difficulty Rogue Special Mode None Game No. 28 Rogue 28 Adventurer 0 Explorer 0 Win Type - Total 0 Types 0/0/0/0/0/0/0/0/0 Lore% 13 Gallery% 17 Achievement% 17 Wizard Run 0 Options --------- Layout 1 ASCII 0 Keyboard 0 Movement Mouse Keybinds 0 Fullscreen 1 Font 24/Smallcaps Map View 50x35 Zoom Use 0% Tactical HUD 1 Map Filters NONE Filters NONE Steam 1 RUN: ad9a9a4d-80cd-41c6-8918-261220dc0303